 Dungeon Crawl Stone Soup version 0.31-a0-1547-g618ab1f346 (webtiles) character file.

Game seed: 5669494651642657821

46 Flugslaktarn the Trooper (level 3, 0/34 HPs)
             Began as a Minotaur Fighter on Jan 2, 2024.
             Slain by Robin
             ... wielding a +2 spear of venom
              (2 damage)
             ... on level 3 of the Dungeon.
             The game lasted 00:00:42 (1258 turns).

Flugslaktarn the Trooper (Minotaur Fighter)         Turns: 1258, Time: 00:00:43

Health: 0/34       AC:  7    Str: 19 (22) XL:     3   Next: 44%
Magic:  2/2        EV:  9    Int:  4 (5)  God:
Gold:   103        SH:  4    Dex:  8 (9)  Spells: 2/2 levels left

rFire   . . .        a - +0 war axe
rCold   . . .        c - +0 buckler
rNeg    . . .        b - +0 scale mail
rPois   .            (helmet restricted)
rElec   .            g - scarf {harm}
rCorr   .            (no gloves)
SInv    .            (no boots)
Will    .....        (no amulet) Stlth
                     (no ring)
HPRegen 0.25/turn    (no ring)
MPRegen 0.08/turn

%: harm (+30% outgoing, +20% incoming)
@: lethally poisoned (0 -> -13)
A: horns 2, retaliatory headbutt
a: no special abilities


You were on level 3 of the Dungeon.
You visited 1 branch of the dungeon, and saw 3 of its levels.

You collected 103 gold pieces.

Inventory:

Hand Weapons
 a - a +0 war axe (weapon)
Armour
 b - a +0 scale mail (worn)
 c - a +0 buckler (worn)
 g - a scarf of harm (worn)
   (You found it on level 1 of the Dungeon)
Scrolls
 e - a scroll of poison {unknown}
 f - a scroll of vulnerability {unknown}
 h - a scroll of fog {unknown}
 i - 4 scrolls of teleportation {unknown}
 l - a scroll of enchant armour {unknown}
Potions
 d - a potion of might
 k - a potion of mutation {unknown}
 m - a potion of degeneration


   Skills:
 * Level 4.4 Fighting
 * Level 3.4 Axes
 + Level 4.1 Armour
 - Level 3.6 Shields


You had 2 spell levels left.
You didn't know any spells.
Your spell library contained the following spells:

 Spells                   Type           Power      Damage    Failure   Level
 Fugue of the Fallen      Necr           0%         N/A       99%         3
 Ozocubu's Armour         Ice            0%         N/A       99%         3
 Manifold Assault         Tloc           0%         N/A       100%        4


Dungeon Overview and Level Annotations

Branches:
Dungeon (3/15)

Altars:

Annotations:
D:3 Robin


Innate Abilities, Weirdness & Mutations

You have a pair of horns on your head.
You reflexively headbutt those who attack you in melee.


Message History

You barely miss the hobgoblin. You headbutt the hobgoblin.
The hobgoblin is almost dead.
You feel sick.
The hobgoblin hits you but does no damage.
The hobgoblin completely misses you.
You barely miss the hobgoblin.
The hobgoblin is almost dead.
You feel sick. The hobgoblin closely misses you.
You completely miss the hobgoblin. Your headbutt misses the hobgoblin.
The hobgoblin is almost dead.
You feel sick.
The hobgoblin no longer looks unusually strong.
The hobgoblin barely misses you.
You hit the hobgoblin but do no damage.
The hobgoblin is almost dead.
You feel sick. You block the hobgoblin's attack.
The hobgoblin closely misses you. Robin throws the goblin at you!
You feel sick.
You are no longer poisoned.
The hobgoblin attacks as it pursues you!
The hobgoblin hits you.
* * * LOW HITPOINT WARNING * * *
You block the goblin's attack.
Things that are here:
a +0 club; a goblin corpse You are too injured to fight recklessly!
You are too injured to fight recklessly!
You closely miss the hobgoblin.
The hobgoblin is almost dead.
You barely miss the goblin. The goblin hits you but does no damage.
The hobgoblin hits you but does no damage.
You hit the hobgoblin.
You kill the hobgoblin!
You closely miss the goblin.
The goblin unwields a +0 dagger.
The goblin wields a +0 sling.
The goblin shoots a sling bullet.
The sling bullet hits you.
* * * LOW HITPOINT WARNING * * *
The goblin hits you with a +0 club.
* * * LOW HITPOINT WARNING * * *
It was a potion of degeneration.
There was something very wrong with that liquid.
You feel weakened.
You feel dopey.
You feel clumsy.
The goblin no longer looks unusually strong.
The goblin hits you but does no damage.
The goblin shoots a sling bullet.
The sling bullet barely misses you.
It was a potion of heal wounds.
You feel much better.
The goblin no longer looks unusually strong.
The goblin hits you but does no damage. The goblin attacks as it pursues you!
The goblin hits you but does no damage. The goblin attacks as it pursues you!
The goblin barely misses you.
You see here a hobgoblin corpse.
You barely miss the goblin. The goblin closely misses you.
The goblin barely misses you.
You slash the goblin!
You kill the goblin!
The goblin shoots a sling bullet.
The sling bullet closely misses you.
You slash the goblin!
You kill the goblin!
Robin roars a battlecry!
The hobgoblin goes into a battle-frenzy!
The kobold barely misses you. You furiously retaliate!
You headbutt the kobold.
Items here: ))) †.
You barely miss the kobold. Your headbutt misses the kobold.
The kobold is moderately wounded.
The kobold barely misses you. You furiously retaliate!
You headbutt the kobold.
You kill the kobold!
The hobgoblin hits you.
You hit the hobgoblin.
The hobgoblin is lightly wounded.
Robin hits you from afar with a +2 spear of venom.
You are poisoned.
The hobgoblin hits you but does no damage.
You hit the hobgoblin but do no damage. Your headbutt misses the hobgoblin.
The hobgoblin is lightly wounded.
You feel very sick. Robin misses you. The hobgoblin barely misses you.
You closely miss the hobgoblin.
The hobgoblin is lightly wounded.
You feel very sick. Robin hits you but does no damage.
You are more poisoned.
The hobgoblin hits you. You block the hobgoblin's attack.
Robin hits you but does no damage.
You closely miss the hobgoblin.
You feel very sick. You block Robin's attack. The hobgoblin hits you.
* * * LOW HITPOINT WARNING * * *
You are too injured to fight recklessly!
You hit the hobgoblin but do no damage.
* * * LOW HITPOINT WARNING * * *
You feel very sick. You block the hobgoblin's attack.
Robin hits you but does no damage.
You are more poisoned.
You are too injured to fight recklessly!
You closely miss the hobgoblin.
* * * LOW HITPOINT WARNING * * *
You feel very sick.
Robin hits you from afar with a +2 spear of venom.
You die...
Robin calls out, "Let's celebrate!
Time for a feast!"

##########
#.........
#.######## #.#
# #.# # #.# #
############.#
#
#)gg@†......<#
##
#)############
##. #)# #..
#K# #####..
#.g# ..(....
##.# #####.
... ## ... #
..... #


You could see Robin and a hobgoblin (strong).

Vanquished Creatures
  3 ball pythons
  3 bats (D:1)
  3 endoplasms (D:1)
  2 giant cockroaches (D:2)
  9 goblins
  5 hobgoblins
  2 jackals (D:2)
  5 kobolds
  A quokka (D:2)
  A frilled lizard (D:1)
  2 rats
36 creatures vanquished.

Notes
Turn   | Place    | Note
-------+----------+-------------------------------------------
     0 | D:1      | Flugslaktarn the Minotaur Fighter began the quest for the
                  | Orb.
     0 | D:1      | Reached XP level 1. HP: 19/19 MP: 0/0
   108 | D:1      | Reached XP level 2. HP: 26/27 MP: 1/1
   684 | D:2      | Found a faded altar of an unknown god.
   910 | D:2      | Reached XP level 3. HP: 33/33 MP: 2/2
  1126 | D:2      | You fall into a shaft and drop 1 floor!
  1225 | D:3      | Noticed Robin
  1258 | D:3      | Slain by Robin

Illustrated notes

Levels and vault maps discovered:
D:1:      mrwooster_arrival_arrow, layout_loops_ring, nrook_loot_triangle,
          minmay_misc_feat_plants
D:2:      layout_basic, hellmonk_ecumenical_altar_dog_temple, amethyst_killhole,
          uniq_sigmund
D:3:      layout_loops_ring, uniq_robin

Skill      XL: |  1  2 |
---------------+-------+-----
Fighting       | 4 |  4.4
Axes           | 3 |  3.4
Armour         | 4 |  4.1
Shields        | |  3.6

Action                     || total
---------------------------++-------
  Melee: War axe           ||    60
         Headbutt          ||     6
    Use: Potion            ||     2
 Armour: Scale mail        ||    59
  Dodge: Dodged            ||    36
  Block: Buckler           ||    21

Table legend: (Time is in decaauts)
 A = Elapsed time spent in this place.
 B = Non-inter-level travel time spent in this place.
 C = Inter-level travel time spent in this place.
 D = Time resting spent in this place.
 E = Time spent auto-exploring this place.
 F = Levels seen in this place.
 G = Mean time per level.
                   A        B        C        D        E       F      G
               +--------+--------+--------+--------+--------+-----+--------+
         Total |   1279 |   1226 |     53 |      0 |   1025 |   3 |  426.3 |
       Dungeon |   1279 |   1226 |     53 |      0 |   1025 |   3 |  426.3 |
               +--------+--------+--------+--------+--------+-----+--------+

Top non-repeatable levels by time:
     D:1: 681 daAuts
     D:2: 458 daAuts
     D:3: 139 daAuts
